 Dungeon Crawl Stone Soup version 0.21.1-1-g345015fe64 (webtiles) character file.

1695 bigperm the Fighter (level 8, -3/75 HPs)
             Began as a Minotaur Berserker on June 17, 2018.
             Was a Believer of Trog.
             Slain by a wight
             ... wielding a +4 war axe of freezing
              (9 damage)
             ... on level 7 of the Dungeon.
             The game lasted 01:06:44 (6696 turns).

bigperm the Fighter (Minotaur Berserker)            Turns: 6696, Time: 01:06:44

Health: -3/75      AC:  8    Str: 23    XL:     8   Next: 72%
Magic:  7/7        EV: 13    Int:  4    God:    Trog [**....]
Gold:   235        SH:  0    Dex: 15    Spells: 7/7 levels left

rFire    . . .     SeeInvis .   a - +0 battleaxe
rCold    . . .     Gourm    .   (shield currently unavailable)
rNeg     + . .     Faith    .   D - +0 scale mail
rPois    .         Spirit   .   (helmet restricted)
rElec    .         Reflect  .   (no cloak)
rCorr    .         Harm     .   G - +0 pair of gloves
MR       ++...                  (no boots)
Stlth    ..........             (no amulet)
HPRegen  1.22/turn              n - +4 ring of dexterity
MPRegen  0.10/turn              F - ring of positive energy

@: regenerating
A: retaliatory headbutt, horns 2
a: Berserk, Trog's Hand, Burn Spellbooks, Renounce Religion


You were on level 7 of the Dungeon.
You worshipped Trog.
Trog was pleased with you.
You were very hungry.

You visited 2 branches of the dungeon, and saw 8 of its levels.

You collected 235 gold pieces.

Inventory:

Hand Weapons
 a - a +0 battleaxe (weapon)
 b - a +0 hunting sling
 f - a +0 mace of protection
 k - a +1 short sword of protection
 o - a +0 spear
 A - a +2 short sword of venom
Missiles
 g - 79 sling bullets (quivered)
 h - 80 arrows
 s - 246 stones
 I - a throwing net
Armour
 d - a +0 ring mail
 p - a +0 animal skin
 D - a +0 scale mail (worn)
 E - a +0 animal skin
 G - a +0 pair of gloves (worn)
 H - a cursed -2 animal skin
Jewellery
 n - a +4 ring of dexterity (left hand)
 F - a ring of positive energy (right hand)
 J - an uncursed ring of resist corrosion {unknown}
 K - an uncursed ring of fire {unknown}
 L - an uncursed ring of protection from magic {unknown}
 M - an uncursed ring of positive energy
Wands
 B - a wand of iceblast (4)
 O - a wand of flame (21)
Scrolls
 i - a scroll of fear
 j - a scroll of remove curse {unknown}
 l - a scroll of fog
 r - a scroll of teleportation {unknown}
 t - a scroll of enchant weapon {unknown}
 u - a scroll of noise {unknown}
 v - a scroll of enchant armour {unknown}
 y - a scroll of immolation
Potions
 e - 3 potions of haste
 m - a potion of resistance
 q - 4 potions of curing {unknown}
 w - a potion of brilliance {unknown}
 z - 2 potions of agility {unknown}
 C - a potion of mutation {unknown}
Books
 x - a book of Maledictions

   Spells                             Type                      Level
   a - Corona                         Hexes                        1
   b - Ensorcelled Hibernation        Hexes/Ice                    2
   c - Confuse                        Hexes                        3
   d - Tukima's Dance                 Hexes                        3
   e - Dazzling Spray                 Conjuration/Hexes            3
   Trog disapproves of the use of such an item.
Comestibles
 c - 10 rations
 N - a chunk of flesh


   Skills:
 * Level 8.5 Fighting
 * Level 5.1(6.7) Axes
 - Level 5.0(6.0) Maces & Flails
 - Level 4.2(5.4) Polearms
 + Level 5.9 Armour
 + Level 5.3 Dodging


You had 7 spell levels left.
You didn't know any spells.

Dungeon Overview and Level Annotations

Branches:
Dungeon (7/15)             Temple (1/1) D:5

Altars:
Ashenzari
Dithmenos
Elyvilon
Fedhas
Hepliaklqana
Kikubaaqudgha
Nemelex Xobeh
Qazlal
Trog
Vehumet
Wu Jian
Zin


Innate Abilities, Weirdness & Mutations

You reflexively headbutt those who attack you in melee.
You have a pair of horns on your head.


Message History

The wight throws a tomahawk.
The tomahawk hits you but does no damage.
Your skin crawls.
You feel resistant to hostile enchantments.
You feel somewhat more hungry.
The wight throws a tomahawk.
The tomahawk hits you!
* * * LOW HITPOINT WARNING * * *
You feel sick.
You are no longer poisoned.
You completely miss the wight.
The wight hits you with a war axe of freezing!
* * * LOW HITPOINT WARNING * * *
The wight freezes you.
* * * LOW HITPOINT WARNING * * *
You hit the wight but do no damage. The wight barely misses you.
You furiously retaliate!
You headbutt the wight. You closely miss the wight.
The wight is moderately damaged.
The wight hits you with a war axe of freezing!
You die...

... .....z.#..
....#.#....#.
....#. .....
.....#....#
##.... ...#
##.....##..####..
.......z........#
#..@†.))#
#.#.(#)..#
#...)))# ##.#..##
......#
#.#....... #
##.#.....
..#.##.## #.##.#
.#


You could see a wight.

Vanquished Creatures
  The ghost of Kagerus the Insei, a novice OpTm (D:5)
  Menkaure (D:5)
  An orc warrior (D:7)
  A phantom (D:4)
  2 ogres
  A centaur (D:5)
  A bullfrog (D:6)
  3 scorpions (D:4)
  2 wights (D:7)
  A howler monkey (D:5)
  2 jellies
  An orc priest (D:4)
  2 bullfrog skeletons (D:4)
  2 hounds
  3 orc wizards
  6 worker ants
  A hound skeleton (D:4)
  5 adders
  An ooze (D:4)
  3 worms
  2 leopard geckos
  2 orcs
  9 giant cockroaches
  8 goblins
  4 hobgoblins
  7 jackals
  6 bats
  14 frilled lizards
  8 kobolds
  A leopard gecko skeleton (D:4)
  7 rats
108 creatures vanquished.

Notes
Turn   | Place    | Note
-------+----------+-------------------------------------------
     0 | D:1      | bigperm the Minotaur Berserker began the quest for the Orb.
     0 | D:1      | Reached XP level 1. HP: 19/19 MP: 0/0
   369 | D:1      | Reached XP level 2. HP: 27/27 MP: 1/1
   890 | D:1      | Reached skill level 4 in Fighting
  1730 | D:2      | Reached XP level 3. HP: 33/33 MP: 2/2
  1817 | D:2      | Reached ** piety under Trog
  2302 | D:3      | Found a faded altar of an unknown god.
  2596 | D:3      | Reached skill level 1 in Maces & Flails
  2813 | D:3      | Found a shattered altar of Ashenzari.
  2953 | D:3      | Reached XP level 4. HP: 41/41 MP: 3/3
  3705 | D:4      | Reached skill level 5 in Fighting
  3705 | D:4      | Reached XP level 5. HP: 31/48 MP: 4/4
  4078 | D:4      | Reached XP level 6. HP: 52/56 MP: 5/5
  4115 | D:4      | Reached skill level 6 in Fighting
  4124 | D:4      | Reached XP level 7. HP: 14/63 MP: 6/6
  4479 | D:4      | Reached skill level 5 in Maces & Flails
  5038 | D:5      | Entered Level 5 of the Dungeon
  5104 | D:5      | Found a hazy altar of Hepliaklqana.
  5168 | D:5      | Reached skill level 1 in Axes
  5302 | D:5      | Found a staircase to the Ecumenical Temple.
  5453 | D:5      | Noticed Menkaure
  5460 | D:5      | Killed Menkaure
  5460 | D:5      | Reached skill level 7 in Fighting
  5510 | D:5      | Noticed Kagerus's ghost (novice OpTm)
  5517 | D:5      | Killed Kagerus's ghost
  5517 | D:5      | Reached skill level 5 in Armour
  5517 | D:5      | Reached XP level 8. HP: 73/73 MP: 7/7
  6231 | D:5      | Found a bloodstained altar of Trog.
  6403 | Temple   | Entered the Ecumenical Temple
  6480 | D:6      | Found a sparkling altar of Nemelex Xobeh.
  6549 | D:6      | Reached skill level 8 in Fighting
  6549 | D:6      | Reached skill level 5 in Dodging
  6666 | D:7      | Reached skill level 5 in Axes
  6694 | D:7      | HP: 3/75 [wight/war axe of freezing (7)]
  6696 | D:7      | Slain by a wight

Skill      XL: |  1  2  3  4  5  6  7  8 |
---------------+-------------------------+-----
Polearms       | 4 |  4.2
Fighting       | 4 5 6 7 8 |  8.5
Armour         | 3 4 5 |  5.9
Maces & Flails | 1 2 3 4 5 |  5.0
Dodging        | 3 4 5 |  5.3
Axes           | 3 5 |  5.1

Action                   |  1- 3 |  4- 6 |  7- 9 || total
-------------------------+-------+-------+-------++-------
Melee: Spear             |    47 |       |       ||    47
       Headbutt          |    12 |    15 |    26 ||    53
       Mace              |    45 |    66 |    36 ||   147
       Short sword       |     2 |       |       ||     2
       Battleaxe         |       |       |    58 ||    58
 Fire: Hunting sling     |       |       |     1 ||     1
Throw: Stone             |       |       |     1 ||     1
Invok: Trog's Hand       |       |     2 |     6 ||     8
       Berserk           |       |     1 |     3 ||     4
Evoke: Wand              |       |     3 |       ||     3
  Use: Scroll            |     3 |     1 |     6 ||    10
       Potion            |       |     1 |       ||     1
  Eat: Chunk             |     6 |     1 |     6 ||    13
       Ration            |       |     2 |     1 ||     3
Armor: Scale mail        |    52 |    34 |    43 ||   129
       Animal skin       |     2 |       |       ||     2
Dodge: Dodged            |    77 |    45 |   106 ||   228
